 Dungeon Crawl Stone Soup version 0.30.0-12-gd5a94ecb5d (webtiles) character file.

Game seed: 9141338099382182267

48 MacCMillion the Cudgeller (level 3, -3/37 HPs)
             Began as an Ogre Gladiator on May 17, 2023.
             Killed from afar by Natasha (9 damage)
             ... with a magic dart
             ... on level 2 of the Dungeon.
             The game lasted 00:02:09 (1246 turns).

MacCMillion the Cudgeller (Ogre Gladiator)          Turns: 1246, Time: 00:02:09

Health: -3/37      AC:  3    Str: 20    XL:     3   Next: 72%
Magic:  3/3        EV: 10    Int:  9    God:
Gold:   60         SH:  0    Dex: 10    Spells: 2/2 levels left

rFire   . . .        a - +0 flail
rCold   . . .        (no shield)
rNeg    . . .        b - +0 robe
rPois   .            c - +0 hat
rElec   .            (no cloak)
rCorr   .            (gloves unavailable)
SInv    .            (boots unavailable)
Will    .....        (no amulet)
Stlth   +            (no ring)
HPRegen 0.26/turn    (no ring)
MPRegen 0.08/turn

%: no passive effects
@: slowed, very slow
A: large, unfitting armour, tough skin 1
a: no special abilities


You were on level 2 of the Dungeon.
You visited 1 branch of the dungeon, and saw 2 of its levels.

You collected 60 gold pieces.

Inventory:

Hand Weapons
 a - a +0 flail (weapon)
Missiles
 d - 3 throwing nets (quivered)
 e - a large rock
 j - 11 boomerangs
 o - 6 javelins
Armour
 b - a +0 robe (worn)
 c - a +0 hat (worn)
Scrolls
 g - 2 scrolls of amnesia {unknown}
 h - a scroll of identify {unknown}
 k - 2 scrolls of blinking {unknown}
 n - a scroll of fog {unknown}
Potions
 f - a potion of heal wounds {unknown}
 i - 2 potions of lignification {unknown}
 l - 3 potions of curing {unknown}
 m - a potion of invisibility {unknown}


   Skills:
 - Level 3.0 Fighting
 + Level 4.0 Maces & Flails
 - Level 2.1 Throwing
 - Level 2.6 Dodging


You had 2 spell levels left.
You didn't know any spells.
Your spell library contained the following spells:

 Spells                   Type           Power      Damage    Failure   Level
 Ensorcelled Hibernation  Hex/Ice        0%         N/A       52%         2
 Passwall                 Tmut/Erth      0%         N/A       52%         2
 Swiftness                Air            0%         N/A       77%         3


Dungeon Overview and Level Annotations

Branches:
Dungeon (2/15)

Altars:

Annotations:
D:1 1 transporter
D:2 Natasha


Innate Abilities, Weirdness & Mutations

You are too large for most types of armour.
You have tough skin. (AC +1)


Message History

You closely miss the bat. The bat hits you.
You thump the bat!
You kill the bat!
No target in view!
No target in view!
You see here a bat corpse.
Natasha and a frilled lizard come into view.
Found 10 gold pieces and a leather armour.
Natasha hisses angrily.
The frilled lizard hisses angrily.
There are monsters nearby!
There are monsters nearby!
Natasha casts a spell at you. The magic dart hits you.
The frilled lizard bites you but does no damage.
Natasha claws you but does no damage.
You barely miss Natasha. The frilled lizard closely misses you.
Natasha mumbles some strange words.
You closely miss Natasha. The frilled lizard bites you.
Natasha closely misses you. The cerulean imp closely misses you.
You closely miss Natasha. The frilled lizard barely misses you.
Natasha casts a spell at you.
You feel yourself slow down. The cerulean imp closely misses you.
The frilled lizard bites you.
You closely miss Natasha. Natasha misses you.
The cerulean imp hits you with a +0 spear.
The frilled lizard barely misses you. Natasha claws you.
The cerulean imp hits you with a +0 spear.
You miss Natasha. The frilled lizard bites you.
Natasha extends her claws.
Natasha claws you.
The cerulean imp hits you with a +0 spear.
The frilled lizard bites you. Natasha claws you!
* * * LOW HITPOINT WARNING * * *
The cerulean imp hits you but does no damage.
You sock Natasha!
Natasha is severely wounded.
The frilled lizard misses you. Natasha casts a spell at you.
The magic dart hits you!
You die...

#.#.##.#######
#.#.##........
#.#.#...######
#######.#.#........#
#.....#.#........#.#
#...[.#.####'###.#..
#.....#.#....###.#..
#####.5.l.#.#....<##.#.#
...$..h@..#.########.#.#
.....................#..
........###.############
........# #.# #
.....#### #.# # .....
#.# # #### #.# # #.# #
#.# #


You could see Natasha, a cerulean imp (summoned) and a frilled lizard.

Vanquished Creatures
  A worm (D:2)
  2 dart slugs (D:1)
  A ball python (D:1)
  5 bats
  4 endoplasms (D:1)
  7 giant cockroaches
  A goblin (D:1)
  4 hobgoblins
  4 kobolds (D:1)
  A quokka (D:2)
  2 frilled lizards (D:1)
  4 rats
36 creatures vanquished.

Notes
Turn   | Place    | Note
-------+----------+-------------------------------------------
     0 | D:1      | MacCMillion the Ogre Gladiator began the quest for the Orb.
     0 | D:1      | Reached XP level 1. HP: 22/22 MP: 1/1
   218 | D:1      | Reached skill level 3 in Maces & Flails
   218 | D:1      | Reached XP level 2. HP: 31/31 MP: 2/2
   389 | D:1      | Reached XP level 3. HP: 25/37 MP: 3/3
  1091 | D:2      | Reached skill level 4 in Maces & Flails
  1237 | D:2      | Noticed Natasha
  1246 | D:2      | Killed from afar by Natasha

Illustrated notes

Levels and vault maps discovered:
D:1:      spicycebolla_arrival_risky_transporter, layout_rooms,
          minmay_misc_feat_tower, supply_closet_lemuel, minivault_14,
          minmay_worlds_worst_comb
D:2:      kennysheep_big_flooded_room, layout_basic, uniq_natasha, uniq_sigmund

Skill      XL: |  1  2  3 |
---------------+----------+-----
Fighting       | 3 |  3.0
Maces & Flails | 3 4 |  4.0
Throwing       | |  2.1
Dodging        | |  2.6

Action                     || total
---------------------------++-------
  Melee: Flail             ||   111
         Punch             ||     1
   Stab: Sleeping          ||     1
 Armour: Robe              ||    36
  Dodge: Dodged            ||    56
